XFBL
TEXAS RANGERS @ MINNESOTA TWINS
03/14/1982
 
TOP OF THE 1ST
Texas Rangers batting - Pitching for Minnesota Twins : RHP Marcos Ortega
Pitching: RHP Marcos Ortega
Batting: SHB Ron Roenicke 0-0: Called Strike
0-1: TRIPLE (Flyball, 78XD, EV 91.3 MPH)
Batting: LHB Dallas Williams 0-0: Ball
1-0: Foul Ball, location: 2F
1-1: Foul Ball, location: 2F
1-2: DOUBLE (Line Drive, 89M, EV 100.6 MPH)
Ron Roenicke scores
Batting: RHB Juan Samuel 0-0: Ground out 6-3 (Groundball, 56, EV 91.3 MPH)
Batting: RHB Steve Garvey 0-0: Called Strike
0-1: Swinging Strike
0-2: Ball
1-2: Ball
2-2: Ball
3-2: Strikes out swinging
Batting: LHB Jody Helser 0-0: Ground out 1-3 (Groundball, 15S, EV 68.1 MPH)
Top of the 1st over - 1 run, 2 hits, 0 errors, 1 left on base; Texas 1 - Minnesota 0
BOTTOM OF THE 1ST
Minnesota Twins batting - Pitching for Texas Rangers : RHP Jeff Byrd
Pitching: RHP Jeff Byrd
Batting: SHB Jerry Mumphrey 0-0: Ground out 3-1 (Groundball, 34, EV 92.5 MPH)
Batting: RHB Lee Lacy 0-0: Bunted foul
0-1: Ball
1-1: Called Strike
1-2: Strikes out looking
Batting: RHB Larry Hisle 0-0: Called Strike
0-1: SOLO HOME RUN (Flyball, 9LD, EV 85.0 MPH), Distance : 372 ft
Batting: RHB Randy Edwards 0-0: Fly out, F4 (Popup, 4S, EV 85.0 MPH)
Bottom of the 1st over - 1 run, 1 hit, 0 errors, 0 left on base; Texas 1 - Minnesota 1
TOP OF THE 2ND
Texas Rangers batting - Pitching for Minnesota Twins : RHP Marcos Ortega
Batting: RHB Rich Dauer 0-0: Ball
1-0: Called Strike
1-1: Called Strike
1-2: Foul Ball, location: 2F
1-2: Ball
2-2: Ball
3-2: Base on Balls
Batting: LHB Ernie Whitt 0-0: Foul Ball, location: 2F
0-1: SINGLE (Groundball, 6MS, EV 66.9 MPH) (infield hit)
Rich Dauer to second
Batting: RHB Juan Rodriguez 0-0: Foul Ball, location: 2F
0-1: Ball
1-1: Ball
2-1: Called Strike
2-2: Foul Ball, location: 2F
2-2: Foul Ball, location: 2F
2-2: Fielders Choice at 2nd, 4-6 (Groundball, 4S, EV 85.0 MPH)
Rich Dauer to third
Batting: RHB George Bjorkman 0-0: Ball
Juan Rodriguez steals 2nd base
1-0: Called Strike
1-1: Ball
2-1: Foul Ball, location: 2F
2-2: Foul Ball, location: 2F
2-2: Strikes out looking
Batting: SHB Ron Roenicke 0-0: Called Strike
0-1: Foul Ball, location: 2F
0-2: Strikes out swinging
Top of the 2nd over - 0 runs, 1 hit, 0 errors, 2 left on base; Texas 1 - Minnesota 1
BOTTOM OF THE 2ND
Minnesota Twins batting - Pitching for Texas Rangers : RHP Jeff Byrd
Batting: RHB Brook Jacoby 0-0: Ball
1-0: Fly out, F8 (Flyball, 89D, EV 90.6 MPH)
Batting: RHB Taylor Duncan 0-0: Called Strike
0-1: SINGLE (Groundball, 6D, EV 110.0 MPH)
Batting: RHB Matt Cooper 0-0: Called Strike
Taylor Duncan steals 2nd base
0-1: Foul Ball, location: 2F
0-2: SINGLE (Groundball, 4D, EV 105.6 MPH)
Taylor Duncan to third
Runner from 3rd tries for Home, SAFE, throw by CF to home
Batting: LHB Eloy Escobedo 0-0: Foul Ball, location: 2F
0-1: Ball
1-1: Foul Ball, location: 2F
1-2: Ball
2-2: Fielders Choice at 2nd, 6-4 (Groundball, 6, EV 83.1 MPH)
Batting: SHB Tony Bernazard 0-0: Called Strike
0-1: Called Strike
0-2: Ball
1-2: Foul Ball, location: 2F
1-2: Ball
2-2: Foul Ball, location: 2F
2-2: Ball
3-2: Foul Ball, location: 2F
3-2: Foul Ball, location: 2F
3-2: Foul Ball, location: 2F
3-2: Fly out, F8 (Line Drive, 8LM, EV 99.4 MPH)
Bottom of the 2nd over - 1 run, 2 hits, 0 errors, 1 left on base; Texas 1 - Minnesota 2
TOP OF THE 3RD
Texas Rangers batting - Pitching for Minnesota Twins : RHP Marcos Ortega
Batting: LHB Dallas Williams 0-0: Fly out, F7 (Line Drive, 78S, EV 105.6 MPH)
Batting: RHB Juan Samuel 0-0: Called Strike
0-1: Called Strike
0-2: Ball
1-2: Strikes out looking
Batting: RHB Steve Garvey 0-0: SINGLE (Line Drive, 4D, EV 95.0 MPH)
Batting: LHB Jody Helser 0-0: Ball
1-0: Ball
2-0: Swinging Strike
2-1: Ball
3-1: Foul Ball, location: 2F
3-2: Foul Ball, location: 2F
3-2: Strikes out swinging
Top of the 3rd over - 0 runs, 1 hit, 0 errors, 1 left on base; Texas 1 - Minnesota 2
BOTTOM OF THE 3RD
Minnesota Twins batting - Pitching for Texas Rangers : RHP Jeff Byrd
Batting: SHB Jerry Mumphrey 0-0: Ball
1-0: Foul Ball, location: 2F
1-1: Ball
2-1: Called Strike
2-2: Ground out 4-3 (Groundball, 34D, EV 99.4 MPH)
Batting: RHB Lee Lacy 0-0: Called Strike
0-1: Ball
1-1: Ball
2-1: Ball
3-1: Called Strike
3-2: Strikes out swinging
Batting: RHB Larry Hisle 0-0: Swinging Strike
0-1: Foul Ball, location: 2F
0-2: Ground out 1-3 (Groundball, P, EV 61.9 MPH)
Bottom of the 3rd over - 0 runs, 0 hits, 0 errors, 0 left on base; Texas 1 - Minnesota 2
TOP OF THE 4TH
Texas Rangers batting - Pitching for Minnesota Twins : RHP Marcos Ortega
Batting: RHB Rich Dauer 0-0: Foul Ball, location: 2F
0-1: Foul Ball, location: 2F
0-2: Foul Ball, location: 2F
0-2: Ball
1-2: Reached on error, E5 (Groundball, 56S, EV 81.3 MPH)
Batting: LHB Ernie Whitt 0-0: Ball
1-0: Ball
2-0: Foul Ball, location: 2F
2-1: Foul Ball, location: 2F
2-2: Foul Ball, location: 2F
2-2: Ball
3-2: SINGLE (Line Drive, 6, EV 67.5 MPH) (infield hit)
Rich Dauer to second
Batting: RHB Juan Rodriguez 0-0: Called Strike
0-1: Fielders Choice at 2nd, 5-4 (Groundball, 5, EV 83.1 MPH)
Rich Dauer to third
Batting: RHB George Bjorkman 0-0: Called Strike
0-1: Swinging Strike
0-2: Ball
1-2: Strikes out looking
Batting: SHB Ron Roenicke 0-0: Ball
1-0: Swinging Strike
1-1: Called Strike
1-2: Ball
2-2: Ground out U3 (Groundball, 3S, EV 93.8 MPH)
Top of the 4th over - 0 runs, 1 hit, 1 error, 2 left on base; Texas 1 - Minnesota 2
BOTTOM OF THE 4TH
Minnesota Twins batting - Pitching for Texas Rangers : RHP Jeff Byrd
Batting: RHB Randy Edwards 0-0: Swinging Strike
0-1: Ball
1-1: Foul Ball, location: 2F
1-2: Fly out, F7 (Flyball, 7LS, EV 90.6 MPH)
Batting: RHB Brook Jacoby 0-0: Ball
1-0: Called Strike
1-1: Foul Ball, location: 2F
1-2: Ball
2-2: Ball
3-2: Base on Balls
Batting: RHB Taylor Duncan 0-0: Swinging Strike
Balk!
Brook Jacoby to second
0-1: Foul Ball, location: 2F
0-2: Foul Ball, location: 2F
0-2: Ball
1-2: SINGLE (Groundball, 4MS, EV 84.4 MPH) (infield hit)
Brook Jacoby to third
Batting: RHB Matt Cooper 0-0: Called Strike
0-1: Ball
1-1: Ball
2-1: Ball
3-1: Foul Ball, location: 2F
3-2: Foul Ball, location: 2F
3-2: DOUBLE (Line Drive, 7LM, EV 106.9 MPH)
Brook Jacoby scores
Taylor Duncan to third
Taylor Duncan scores
Batting: LHB Eloy Escobedo 0-0: Fly out, F5 (Popup, 15, EV 90.0 MPH)
Batting: SHB Tony Bernazard 0-0: Ball
1-0: Ball
2-0: Foul Ball, location: 2F
2-1: Fly out, F4 (Popup, 4, EV 78.1 MPH)
Bottom of the 4th over - 2 runs, 2 hits, 0 errors, 1 left on base; Texas 1 - Minnesota 4
TOP OF THE 5TH
Texas Rangers batting - Pitching for Minnesota Twins : RHP Marcos Ortega
Pitching: RHP Fred Breining
Batting: LHB Dallas Williams 0-0: Ball
1-0: Foul Ball, location: 2F
1-1: Foul Ball, location: 2F
1-2: Foul Ball, location: 2F
1-2: Foul Ball, location: 2F
1-2: Ball
2-2: Ball
3-2: Foul Ball, location: 2F
3-2: Foul Ball, location: 2F
3-2: Foul Ball, location: 2F
3-2: Foul Ball, location: 2F
3-2: Base on Balls
Batting: RHB Juan Samuel 0-0: Swinging Strike
0-1: Ball
1-1: Ball
2-1: Swinging Strike
2-2: Strikes out swinging
Batting: RHB Steve Garvey 0-0: Ball
1-0: Foul Ball, location: 2F
1-1: Called Strike
Dallas Williams steals 2nd base
1-2: Foul Ball, location: 2F
1-2: Foul Ball, location: 2F
1-2: Foul Ball, location: 2F
1-2: Strikes out swinging
Batting: LHB Jody Helser 0-0: Ground out 4-3 (Groundball, 4, EV 105.0 MPH)
Top of the 5th over - 0 runs, 0 hits, 0 errors, 1 left on base; Texas 1 - Minnesota 4
BOTTOM OF THE 5TH
Minnesota Twins batting - Pitching for Texas Rangers : RHP Jeff Byrd
Pitching: RHP Ben Hayes
Batting: SHB Jerry Mumphrey 0-0: Fly out, F9 (Flyball, 9LD, EV 94.4 MPH)
Batting: RHB Lee Lacy 0-0: Ball
1-0: Ball
2-0: Called Strike
2-1: SINGLE (Groundball, 34D, EV 96.9 MPH) (infield hit)
Batting: RHB Larry Hisle 0-0: Ball
1-0: Called Strike
1-1: Ball
2-1: Ball
3-1: Fly out, F8 (Flyball, 8RS, EV 85.6 MPH)
Batting: RHB Randy Edwards 0-0: Ball
1-0: Ball
2-0: Ball
3-0: Called Strike
3-1: Swinging Strike
3-2: Fly out, F9 (Flyball, 9D, EV 108.1 MPH)
Bottom of the 5th over - 0 runs, 1 hit, 0 errors, 1 left on base; Texas 1 - Minnesota 4
TOP OF THE 6TH
Texas Rangers batting - Pitching for Minnesota Twins : RHP Fred Breining
Batting: RHB Rich Dauer 0-0: Called Strike
0-1: Ground out 4-3 (Groundball, 34, EV 102.5 MPH)
Batting: LHB Ernie Whitt 0-0: Ball
1-0: Called Strike
1-1: Swinging Strike
1-2: Fly out, F9 (Flyball, 89XD, EV 91.3 MPH)
Batting: RHB Juan Rodriguez 0-0: Ball
1-0: SINGLE (Groundball, 56D, EV 82.5 MPH) (infield hit)
Batting: RHB George Bjorkman 0-0: Called Strike
Juan Rodriguez steals 2nd base (no throw)
0-1: Ball
1-1: Foul Ball, location: 2F
1-2: Ball
2-2: Foul Ball, location: 2F
2-2: Strikes out looking
Top of the 6th over - 0 runs, 1 hit, 0 errors, 1 left on base; Texas 1 - Minnesota 4
BOTTOM OF THE 6TH
Minnesota Twins batting - Pitching for Texas Rangers : RHP Ben Hayes
Batting: RHB Brook Jacoby 0-0: Ball
1-0: Ball
2-0: Swinging Strike
2-1: Fly out, F8 (Flyball, 8RD, EV 89.4 MPH)
Batting: RHB Taylor Duncan 0-0: Ball
1-0: Ball
2-0: Foul Ball, location: 2F
2-1: Ground out U3 (Groundball, 3L, EV 92.5 MPH)
Batting: RHB Matt Cooper 0-0: Ground out 4-3 (Groundball, 4, EV 88.8 MPH)
Bottom of the 6th over - 0 runs, 0 hits, 0 errors, 0 left on base; Texas 1 - Minnesota 4
TOP OF THE 7TH
Texas Rangers batting - Pitching for Minnesota Twins : RHP Fred Breining
Pinch Hitting: RHB George A Bell 0-0: Called Strike
0-1: Fly out, F8 (Line Drive, 8LD, EV 89.4 MPH)
Pinch Hitting: LHB Lenny Dykstra 0-0: Ball
1-0: Foul Ball, location: 2F
1-1: Ball
2-1: Ground out 6-3 (Groundball, 6M, EV 103.8 MPH)
Pitching: RHP Pat Jones
Pinch Hitting: RHB Gomez Barahona 0-0: Foul Ball, location: 2F
0-1: Called Strike
0-2: Ball
1-2: Strikes out swinging
Top of the 7th over - 0 runs, 0 hits, 0 errors, 0 left on base; Texas 1 - Minnesota 4
BOTTOM OF THE 7TH
Minnesota Twins batting - Pitching for Texas Rangers : RHP Ben Hayes
Now at 3B: Gomez Barahona
Now in LF: George A Bell
Now in CF: Lenny Dykstra
Batting: LHB Eloy Escobedo 0-0: Fly out, F6 (Popup, 6D, EV 55.0 MPH)
Batting: SHB Tony Bernazard 0-0: SINGLE (Groundball, 4M, EV 83.1 MPH) (infield hit)
Pinch Hitting: RHB George Foster 0-0: Foul Ball, location: 2F
0-1: Ball
1-1: Swinging Strike
1-2: Foul Ball, location: 2F
1-2: Fly out, F4 (Popup, 13, EV 75.6 MPH)
Pinch Hitting: LHB Ken Oberkfell 0-0: Ball
Tony Bernazard steals 2nd base
1-0: Called Strike
1-1: Fly out, F7 (Flyball, 78D, EV 86.9 MPH)
Bottom of the 7th over - 0 runs, 1 hit, 0 errors, 1 left on base; Texas 1 - Minnesota 4
TOP OF THE 8TH
Texas Rangers batting - Pitching for Minnesota Twins : RHP Pat Jones
Now at C: Ed Putman
Now at SS: Ken Oberkfell
Now in CF: George Foster
Batting: RHB Steve Balboni 0-0: Ball
1-0: SOLO HOME RUN (Flyball, 78XD, EV 113.8 MPH), Distance : 432 ft
Pinch Hitting: RHB Kirby Puckett 0-0: Ball
1-0: Called Strike
1-1: Ball
2-1: Ground out 6-3 (Groundball, 56, EV 103.1 MPH)
Batting: RHB Rich Dauer 0-0: Called Strike
0-1: Ball
1-1: Called Strike
1-2: Fly out, F8 (Flyball, 8LS, EV 87.5 MPH)
Batting: LHB Ernie Whitt 0-0: Called Strike
0-1: Ball
1-1: Ball
2-1: Swinging Strike
2-2: Ball
3-2: Foul Ball, location: 2F
3-2: SOLO HOME RUN (Line Drive, 89XD, EV 96.3 MPH), Distance : 495 ft
Pitching: RHP Stephen Fuller
Pinch Hitting: RHB Juan Castro 0-0: Called Strike
0-1: Ball
1-1: Foul Ball, location: 2F
1-2: Foul Ball, location: 2F
1-2: Ball
2-2: Ball
3-2: Strikes out swinging
Top of the 8th over - 2 runs, 2 hits, 0 errors, 0 left on base; Texas 3 - Minnesota 4
BOTTOM OF THE 8TH
Minnesota Twins batting - Pitching for Texas Rangers : RHP Ben Hayes
Now at SS: Juan Castro
Now in RF: Kirby Puckett
Pinch Hitting: LHB Lloyd Moseby 0-0: Called Strike
0-1: Fly out, F7 (Flyball, 78S, EV 78.8 MPH)
Batting: LHB Kevin Christensen 0-0: Ball
1-0: SOLO HOME RUN (Flyball, 9D, EV 85.6 MPH), Distance : 409 ft
Pinch Hitting: RHB Ed Jurak 0-0: Called Strike
0-1: Foul Ball, location: 2F
0-2: Ball
1-2: Ball
2-2: SINGLE (Groundball, 56D, EV 106.9 MPH)
Pitching: RHP Curt Heidenreich
Pinch Hitting: LHB Luis Alfaro 0-0: Swinging Strike
0-1: Foul Ball, location: 2F
0-2: Foul Ball, location: 2F
0-2: DOUBLE (Flyball, 89XD, EV 110.0 MPH)
Ed Jurak to third
Runner from 3rd tries for Home, SAFE, throw by RF to trailing runner, SAFE at third!
Batting: RHB Ed Putman 0-0: Ball
1-0: Foul Ball, location: 2F
1-1: 2-RUN HOME RUN (Flyball, 7D, EV 103.1 MPH), Distance : 392 ft
Pinch Hitting: RHB Chet Lemon 0-0: Ball
1-0: Ball
2-0: Ball
3-0: Base on Balls
Pinch Hitting: RHB Josh Lynn 0-0: Ground out 4-3 (Groundball, 34S, EV 69.4 MPH)
Chet Lemon to second
Batting: RHB George Foster 0-0: Ball
1-0: Ball
2-0: Ball
3-0: Base on Balls
Batting: LHB Ken Oberkfell 0-0: Ball
1-0: Ball
2-0: Foul Ball, location: 2F
2-1: Foul Ball, location: 2F
2-2: Ball
3-2: Ground out U3 (Groundball, 3S, EV 82.5 MPH)
Bottom of the 8th over - 4 runs, 4 hits, 0 errors, 2 left on base; Texas 3 - Minnesota 8
TOP OF THE 9TH
Texas Rangers batting - Pitching for Minnesota Twins : RHP Stephen Fuller
Now at 1B: Josh Lynn
Now at 2B: Ed Jurak
Now at 3B: Luis Alfaro
Now in LF: Lloyd Moseby
Now in CF: Chet Lemon
Pinch Hitting: RHB Victor Woods 0-0: Called Strike
0-1: Ball
1-1: Foul Ball, location: 2F
1-2: Ball
2-2: Fly out, F8 (Flyball, 8RD, EV 86.3 MPH)
Batting: RHB George A Bell 0-0: Ball
1-0: Swinging Strike
1-1: Foul Ball, location: 2F
1-2: Fly out, F8 (Flyball, 8RD, EV 87.5 MPH)
Batting: LHB Lenny Dykstra 0-0: Called Strike
0-1: Ball
1-1: Fly out, F4 (Flyball, 34D, EV 93.1 MPH)
Top of the 9th over - 0 runs, 0 hits, 0 errors, 0 left on base; Texas 3 - Minnesota 8
Wednesday, July 15th, 2020 - OOTP Baseball 21.4 Build 63